 Dungeon Crawl Stone Soup version 0.30-a0-2-gf48d83f5e2 (webtiles) character file.

Game seed: 862790104815674783

28 ytrimaz the Insei (level 2, 0/31 HPs)
             Began as a Demonspawn Transmuter on Aug 20, 2022.
             Succumbed to an adder's poison
             ... on level 2 of the Dungeon.
             The game lasted 00:01:37 (1848 turns).

ytrimaz the Insei (Demonspawn Transmuter)           Turns: 1848, Time: 00:01:38

Health: 0/31       AC: 21    Str: 10    XL:     2   Next: 96%
Magic:  5/5        EV:  2    Int: 14    God:
Gold:   50         SH:  0    Dex: 13    Spells: 4/5 levels left

rFire   . . .      SeeInvis .      - Unarmed
rCold   . . .      Faith    .    (no shield)
rNeg    . . .      Spirit   .    (body armour currently unavailable)
rPois   +          Reflect  .    (helmet currently unavailable)
rElec   .          Harm     .    (cloak currently unavailable)
rCorr   .          Rampage  .    (gloves currently unavailable)
Will    .....      NoTele   +    (boots currently unavailable)
Stlth   +.........               (no amulet)
HPRegen 0.10/turn                (no ring)
MPRegen 0.09/turn                (no ring)

@: lethally poisoned (0 -> -6), tree-form
A: stationary, stasis, torment immunity, boosted hp, (sharp scales 1)
a: no special abilities


You were on level 2 of the Dungeon.
You were a tree.
You visited 1 branch of the dungeon, and saw 2 of its levels.

You collected 50 gold pieces.

Inventory:

Missiles
 c - 2 throwing nets
Armour
 a - a +0 robe (melded)
Potions
 d - a potion of heal wounds {unknown}


   Skills:
 - Level 1.0 Fighting
 - Level 1.8 Dodging
 + Level 3.7 Unarmed Combat
 - Level 2.0 Spellcasting
 - Level 1.7 Transmutations


You had 4 spell levels left.
You knew the following spells:

 Your Spells              Type           Power      Damage    Failure   Level
a - Beastly Appendage     Tmut           12%        N/A       12%         1

Your spell library contained the following spells:

 Spells                   Type           Power      Damage    Failure   Level
 Wereblood                Tmut           6%         N/A       17%         2
 Spider Form              Tmut/Pois      3%         N/A       45%         3
 Ice Form                 Ice/Tmut       3%         N/A       86%         4


Dungeon Overview and Level Annotations

Branches:
Dungeon (2/15)

Altars:


Innate Abilities, Weirdness & Mutations

You are a tree.
Your roots penetrate the ground, keeping you stationary.
You cannot be teleported.
You are immune to unholy pain and torment.
Your maximum health is greatly increased.
Your equipment is partially melded.
((You are partially covered in razor-sharp scales. (AC +1, Slay +1)))


Message History

You are poisoned.
The adder poisons you! The adder bites you but does no damage.
Unknown command.
You closely miss the adder. Your headbutt misses the adder.
The adder is lightly wounded.
You feel sick. The adder closely misses you.
You hit the adder.
The adder is moderately wounded.
You feel sick. The adder bites you.
Unknown command.
You hit the adder. Your kick misses the adder. Your headbutt misses the adder.
The adder is severely wounded.
You feel sick. The adder bites you but does no damage.
You barely miss the adder.
The adder is severely wounded.
You feel sick. The adder barely misses you.
You hit the adder.
The adder is almost dead.
You feel sick. The adder closely misses you.
You closely miss the adder.
The adder is severely wounded.
The adder barely misses you. The adder bites you.
* * * LOW HITPOINT WARNING * * *
You are lethally poisoned!
The adder poisons you!
You hit the adder but do no damage. Your headbutt misses the adder.
The adder is severely wounded.
Your horns disappear.
Your talons disappear.
* * * LOW HITPOINT WARNING * * *
You feel sick. The adder bites you.
* * * LOW HITPOINT WARNING * * *
You are more poisoned.
The adder poisons you!
Really quaff the potion of lignification?
You turn into a tree.
Your +0 robe melds into your body.
Your roots penetrate the ground.
* * * LOW HITPOINT WARNING * * *
You feel sick. The adder bites you but does no damage.
It was a potion of magic.
Magic courses through your body.
You die...

#.# #######.# #.#
........####.########
......>..............
........##..#####...)
........###..##### .
........#..........
.......S#........##
.......♣#........#
........#........#
........#........#
.................#
#####.....########
#.....# ###+###


You could see an adder.

Vanquished Creatures
  3 bats (D:1)
  3 endoplasms (D:1)
  A giant cockroach (D:1)
  2 hobgoblins (D:1)
  3 jackals (D:1)
  3 ball pythons (D:1)
  A frilled lizard (D:1)
  2 goblins (D:1)
  4 kobolds (D:1)
  4 rats (D:1)
26 creatures vanquished.

Notes
Turn   | Place    | Note
-------+----------+-------------------------------------------
     0 | D:1      | ytrimaz the Demonspawn Transmuter began the quest for the
                  | Orb.
     0 | D:1      | Reached XP level 1. HP: 15/15 MP: 3/3
   300 | D:1      | Reached skill level 3 in Unarmed Combat
   605 | D:1      | Gained mutation: You are partially covered in razor-sharp
                  | scales. (AC +1, Slay +1) [demonic ancestry]
   605 | D:1      | Reached XP level 2. HP: 4/21 MP: 3/5
  1847 | D:2      | HP: 1/31 [poisoned by an adder]
  1848 | D:2      | Succumbed to an adder's poison

Illustrated notes

Levels and vault maps discovered:
D:1:      moated_graveyard_arrival, layout_loops_ring
D:2:      layout_basic

Skill      XL: |  1 |
---------------+----+-----
Unarmed Combat | 3 |  3.7
Fighting       | |  1.0
Dodging        | |  1.8
Spellcasting   | |  2.0
Transmutations | |  1.7

Action                   || total
-------------------------++-------
Melee: Unarmed           ||    63
       Kick              ||    12
       Headbutt          ||     8
       Punch             ||     1
 Cast: Beastly Appendage ||    21
  Use: Scroll            ||     2
       Potion            ||     2
 Stab: Sleeping          ||     1
Armor: Robe              ||    10
       Skin              ||     1
Dodge: Dodged            ||    39

Table legend: (Time is in decaauts)
 A = Elapsed time spent in this place.
 B = Non-inter-level travel time spent in this place.
 C = Inter-level travel time spent in this place.
 D = Time resting spent in this place.
 E = Time spent auto-exploring this place.
 F = Levels seen in this place.
 G = Mean time per level.
                   A        B        C        D        E       F      G
               +--------+--------+--------+--------+--------+-----+--------+
         Total |   1843 |   1828 |     15 |    100 |   1542 |   2 |  921.5 |
       Dungeon |   1843 |   1828 |     15 |    100 |   1542 |   2 |  921.5 |
               +--------+--------+--------+--------+--------+-----+--------+

Top non-repeatable levels by time:
     D:1: 1786 daAuts
     D:2: 56 daAuts
